 Dungeon Crawl Stone Soup version 0.30-a0-578-gdee14c521f (webtiles) character file.

Game seed: 1542113388644451730

1463116 mrw0lf the Prince of Secrets (level 27, 211/233 HPs)
             Began as a Gnoll Enchanter on Dec 30, 2022.
             Was a High Priest of Ashenzari.
             Escaped with the Orb
             ... and 3 runes on Dec 31, 2022!
             The game lasted 09:44:00 (92718 turns).

mrw0lf the Prince of Secrets (Gnoll Enchanter)     Turns: 92718, Time: 09:44:01

Health: 211/233    AC: 28    Str: 14    XL:     27
Magic:  24/49      EV: 29    Int: 22    God:    Ashenzari [*****.]
Gold:   2442       SH: 24    Dex: 19    Spells: 13/71 levels left

rFire   + + .      SeeInvis +    b - +8 eveningstar (chaos)
rCold   + . .      Faith    .    e - +2 kite shield of the Unyielding Gaze {Fort, Cun} (curse)
rNeg    . . .      Spirit   .    f - +5 steam dragon scales "Vexation of Ashenzari" {Evo, Self} (curse)
rPois   +          Reflect  +    H - +2 helmet of the Chained Augur {Int+3, Melee, Comp} (curse)
rElec   .          Harm     .    k - scarf of the Pangnostic Sophism {rC+ rF+, Comp, Fort} (curse)
rCorr   +          Rampage  .    I - +2 pair of gloves "Share My Restlessness" {Str+3, Self, Evo} (curse)
Will    +++..      Clarity  +    o - +2 pair of boots of the Eternal Repose {Bglg, Cun} (curse)
Stlth   +++                      w - amulet of Panopticon {Reflect SH+5, Elem, Cun} (curse)
HPRegen 0.00/turn                y - ring "Skepticism of Ashenzari" {rPois, Cun, Self} (curse)
MPRegen 0.31/turn                N - ring of Emmub {+Blink rF+ Will+ rCorr}

@: inhibited regen, studying 2 skills
A: fangs 1, strong nose, distributed training, iridescent scales 1, inhibited
regeneration, wild magic 1, evolution 1
0: Orb of Zot
}: 3/15 runes: decaying, slimy, gossamer
a: Renounce Religion, Evoke Blink, Curse Item, Shatter the Chains


You escaped.
You worshipped Ashenzari.
Ashenzari was extremely pleased with you.
You visited 12 branches of the dungeon, and saw 53 of its levels.
You also visited: Ice Cave and Desolation.

You collected 7643 gold pieces.
You spent 5201 gold pieces at shops.

Inventory:

Hand Weapons
 a - the +7 Spriggan's Knife {stab, EV+4 Stlth+}
   (You bought it in a shop on level 3 of the Vaults)

   It is more effective when stabbing unaware enemies, sometimes treating them
   as though they were completely helpless.
   EV:        It affects your evasion (+4).
   Stlth:     It makes you more stealthy.
 b - a +8 eveningstar of chaos (weapon)
 j - a +4 broad axe of flaming
 z - a +3 antimagic eveningstar
 C - the +7 long sword "Lohel" {heavy, rPois rC+ Will+++ Dex-4}
   (You took it off a spriggan defender on level 3 of the Depths)

   It deals dramatically more damage, but attacks with it are much slower.
   Dex:       It affects your dexterity (-4).
   rC:        It protects you from cold.
   rPois:     It protects you from poison.
   Will:      It greatly increases your willpower.
Missiles
 F - 6 atropa-tipped darts
 O - 3 silver javelins (quivered)
 X - 2 javelins
Armour
 e - the cursed +2 kite shield of the Unyielding Gaze (worn) {Fort, Cun}
   (You found it on level 4 of the Vaults)

   It has a curse which improves the following skills: Fortitude: Armour and
   Shields.
   Cunning:   Dodging and Stealth.
 f - the cursed +5 steam dragon scales "Vexation of Ashenzari" (worn) {Evo, Self}
   (You found it on level 9 of the Dungeon)

   It has a curse which improves the following skills: Evocations: Evocations.
   Introspection: Fighting and Spellcasting.
 k - the cursed scarf of the Pangnostic Sophism (worn) {rC+ rF+, Comp, Fort}
   (You found it on level 4 of the Spider Nest)

   It has a curse which improves the following skills: Companions: Summonings
   and Necromancy.
   Fortitude: Armour and Shields.
 o - the cursed +2 pair of boots of the Eternal Repose (worn) {Bglg, Cun}
   (You bought it in a shop on level 2 of the Elven Halls)

   It has a curse which improves the following skills: Beguiling: Conjurations,
   Hexes and Translocations.
   Cunning:   Dodging and Stealth.
 H - the cursed +2 helmet of the Chained Augur (worn) {Int+3, Melee, Comp}
   (You found it on level 1 of the Orcish Mines)

   It has a curse which improves the following skills: Melee Combat: Short
   Blades, Long Blades, Axes, Maces & Flails, Polearms, Staves and Unarmed
   Combat.
   Companions: Summonings and Necromancy.
 I - the cursed +2 pair of gloves "Share My Restlessness" (worn) {Str+3, Self, Evo}
   (You found it on level 4 of the Spider Nest)

   It has a curse which improves the following skills: Introspection: Fighting
   and Spellcasting.
   Evocations: Evocations.
Jewellery
 v - the ring "Xereesor" {rElec rC+ rCorr Int+3 Dex-4}
   (You found it in the Desolation of Salt)

   [ring of resist corrosion]

   Int:       It affects your intelligence (+3).
   Dex:       It affects your dexterity (-4).
   rC:        It protects you from cold.
   rElec:     It insulates you from electricity.
   rCorr:     It protects you from acid and corrosion.
 w - the cursed amulet of Panopticon (around neck) {Reflect SH+5, Elem, Cun}
   (You found it in an ice cave)

   [amulet of reflection]

   It reflects blocked missile attacks.
   SH:        It affects your SH (+5).
   It has a curse which improves the following skills: Elements: Fire Magic, Ice
   Magic, Air Magic and Earth Magic.
   Cunning:   Dodging and Stealth.
 y - the cursed ring "Skepticism of Ashenzari" (left hand) {rPois, Cun, Self}
   (You found it on level 4 of the Dungeon)

   [ring of poison resistance]

   rPois:     It protects you from poison.
   It has a curse which improves the following skills: Cunning: Dodging and
   Stealth.
   Introspection: Fighting and Spellcasting.
 N - the ring of Emmub (right hand) {+Blink rF+ Will+ rCorr}
   (You took it off a deep elf death mage on level 3 of the Elven Halls)

   [ring of resist corrosion]

   rF:        It protects you from fire.
   +Blink:    It lets you blink.
   rCorr:     It protects you from acid and corrosion.
   Will:      It increases your willpower.
 T - a ring of flight
 W - a ring of wizardry
 Y - the ring "Yfil" {Str+3 Dex+6}
   (You took it off a deep elf blademaster on level 3 of the Elven Halls)

   [ring of dexterity]

   Str:       It affects your strength (+3).
   Dex:       It affects your dexterity (+6).
Wands
 r - a wand of light (18)
 D - a wand of digging (19)
Scrolls
 g - 7 scrolls of fear
 p - 7 scrolls of fog
 t - 28 scrolls of teleportation
 u - 2 scrolls of summoning
 A - 3 scrolls of enchant armour
 B - 3 scrolls of blinking
 E - 6 scrolls of silence
 G - a scroll of amnesia
Potions
 c - 7 potions of invisibility
 d - 2 potions of might
 h - 7 potions of haste
 i - 2 potions of magic
 l - 5 potions of heal wounds
 q - 21 potions of curing
 s - a potion of cancellation
 x - 3 potions of berserk rage
 J - 5 potions of brilliance
 P - 9 potions of mutation
 Q - 3 potions of flight
Miscellaneous
 m - a condenser vane
 R - a box of beasts
 V - a phantom mirror
 Z - a tin of tremorstones (2/2)


   Skills:
 + Level 18.1(22.4) Fighting
 + Level 18.3(20.4) Short Blades
 + Level 18.1(20.2) Long Blades
 + Level 18.1(20.2) Axes
 + Level 18.1(20.2) Maces & Flails
 + Level 18.1(20.2) Polearms
 + Level 18.1(20.2) Staves
 + Level 18.1 Ranged Weapons
 + Level 18.1 Throwing
 + Level 18.1(21.3) Armour
 + Level 18.6(23.8) Dodging
 + Level 19.0(24.2) Stealth
 + Level 18.1(21.3) Shields
 + Level 18.1(20.2) Unarmed Combat
 + Level 18.7(22.9) Spellcasting
 + Level 15.4(17.6) Conjurations
 + Level 16.3(18.5) Hexes
 + Level 15.4(18.8) Summonings
 + Level 18.3(21.5) Necromancy
 + Level 15.4(17.6) Translocations
 + Level 15.4 Transmutations
 + Level 15.4(17.6) Fire Magic
 + Level 15.4(17.6) Ice Magic
 + Level 19.6(21.6) Air Magic
 + Level 15.4(17.6) Earth Magic
 + Level 15.4 Poison Magic
 + Level 19.6 Invocations
 + Level 18.1(21.3) Evocations


You had 13 spell levels left.
You knew the following spells:

 Your Spells              Type           Power      Damage    Failure   Level
a - Monstrous Menagerie   Summ           48%        N/A       1%          7
b - Confusing Touch       Hex            95%        N/A       1%          3
c - Irradiate             Conj/Tmut      45%        3d26      1%          5
d - Blink                 Tloc           100%       N/A       1%          2
e - Olgreb's Toxic Radia  Pois           88%        N/A       1%          4
f - Spellforged Servitor  Conj/Summ      47%        N/A       1%          7
h - Ensorcelled Hibernat  Hex/Ice        100%       N/A       1%          2
i - Lehudib's Crystal Sp  Conj/Erth      46%        10d11     14%         8
q - Summon Cactus Giant   Summ           48%        N/A       1%          6
s - Swiftness             Air            100%       N/A       1%          3
x - Mephitic Cloud        Conj/Pois/Air  95%        N/A       1%          3
z - Borgnjor's Vile Clut  Necr/Erth      49%        N/A       1%          5
A - Ozocubu's Armour      Ice            93%        N/A       1%          3

Your spell library contained the following spells:

 Spells                   Type           Power      Damage    Failure   Level
 Freeze                   Ice            100%       1d10      1%          1
 Magic Dart               Conj           100%       1d8       1%          1
 Sandblast                Erth           100%       2d20      1%          1
 Shock                    Conj/Air       100%       1d9       1%          1
 Slow                     Hex            100%       N/A       1%          1
 Call Imp                 Summ           96%        N/A       1%          2
 Cigotuvi's Dreadful Rot  Necr/Pois/Air  100%       N/A       1%          2
 Momentum Strike          Conj/Tloc      100%       3d10      1%          2
 Passwall                 Tmut/Erth      75%        N/A       1%          2
 Poisonous Vapours        Pois/Air       100%       N/A       1%          2
 Scorch                   Fire           100%       2d10      1%          2
 Searing Ray              Conj           100%       2d8       1%          2
 Sublimation of Blood     Necr           100%       N/A       1%          2
 Dazzling Flash           Conj/Hex       100%       N/A       1%          3
 Frozen Ramparts          Ice            100%       1d16      1%          3
 Gell's Gravitas          Tloc           93%        N/A       1%          3
 Hailstorm                Conj/Ice       93%        3d18      1%          3
 Kindle Blastsparks       Fire/Tloc/Air  100%       2d18      1%          3
 Lesser Beckoning         Tloc           100%       N/A       1%          3
 Portal Projectile        Hex/Tloc       100%       N/A       1%          3
 Stone Arrow              Conj/Erth      100%       3d13      1%          3
 Summon Guardian Golem    Hex/Summ       96%        N/A       1%          3
 Teleport Other           Tloc           93%        N/A       1%          3
 Tukima's Dance           Hex            95%        N/A       1%          3
 Vampiric Draining        Necr           100%       2d13      1%          3
 Airstrike                Air            51%        2d(8-24)  1%          4
 Animate Armour           Summ/Erth      100%       N/A       1%          4
 Flame Wave               Conj/Fire      93%        2d20      1%          4
 Fulminant Prism          Conj/Hex       47%        3d21      1%          4
 Ice Form                 Ice/Tmut       91%        N/A       1%          4
 Iskenderun's Mystic Bla  Conj/Tloc      93%        2d18      1%          4
 Leda's Liquefaction      Hex/Erth       47%        N/A       1%          4
 Manifold Assault         Tloc           93%        N/A       1%          4
 Passage of Golubria      Tloc           93%        N/A       1%          4
 Petrify                  Tmut/Erth      91%        N/A       1%          4
 Summon Ice Beast         Ice/Summ       95%        N/A       1%          4
 Summon Lightning Spire   Summ/Air       99%        N/A       1%          4
 Alistair's Intoxication  Tmut/Pois      58%        N/A       1%          5
 Blade Hands              Tmut           44%        N/A       1%          5
 Iskenderun's Battlesphe  Conj           93%        2d14      1%          5
 Lee's Rapid Deconstruct  Erth           46%        3d22*     1%          5
 Lightning Bolt           Conj/Air       49%        1d69      1%          5
 Summon Forest            Summ/Tloc      47%        N/A       1%          5
 Summon Mana Viper        Hex/Summ       96%        N/A       1%          5
 Yara's Violent Unravell  Hex/Tmut       46%        3d18      1%          5
 Dispersal                Tloc           46%        N/A       1%          6
 Eringya's Noxious Bog    Tmut/Pois      44%        N/A       1%          6
 Iron Shot                Conj/Erth      46%        9d9       1%          6
 Simulacrum               Ice/Necr       49%        N/A       1%          6
 Starburst                Conj/Fire      46%        6d13      1%          6
 Statue Form              Tmut/Erth      60%        N/A       1%          6
 Enfeeble                 Hex            47%        N/A       1%          7
 Storm Form               Tmut/Air       47%        N/A       1%          7
 Orb of Destruction       Conj           46%        9d12      2%          7
 Ozocubu's Refrigeration  Ice            46%        4d17      2%          7
 Borgnjor's Revivificati  Necr           51%        N/A       3%          8
 Maxwell's Capacitive Co  Air            51%        ∞         3%          8
 Necromutation            Tmut/Necr      47%        N/A       11%         8
 Disjunction              Tloc           46%        N/A       14%         8
 Ignition                 Fire           46%        3d13      14%         8
 Death's Door             Necr           51%        N/A       38%         9
 Shatter                  Erth           46%        3d36*     87%         9


Dungeon Overview and Level Annotations

Branches:
Dungeon (15/15)            Temple (1/1) D:7            Lair (5/5) D:9
  Swamp (4/4) Lair:3       Spider (4/4) Lair:3        Slime (5/5) Lair:4
    Orc (2/2) D:11            Elf (3/3) Orc:2        Vaults (4/5) D:14
  Crypt (1/3) Vaults:2     Depths (4/4) D:15            Zot (5/5) Depths:4
  IceCv (visited)         Desolation (visited)

Altars:
Ashenzari
Cheibriados
Dithmenos
Elyvilon
Fedhas
Gozag
Hepliaklqana
Kikubaaqudgha
Makhleb
Nemelex Xobeh
Okawaru
Qazlal
Ru
Sif Muna
Trog
Uskayaw
Vehumet
Wu Jian
Xom
Yredelemnul
Zin
The Shining One
Jiyva
Lugonu

Shops:
D:10 *   D:15 ::   Orc:1 *   Orc:2 *[*[*   Elf:2 [   Vaults:1 :   Vaults:3 (*(
Depths:4 (

Portals:
Hell: Depths:1 Depths:2 Depths:3 Depths:4
Abyss: Orc:1 Lair:5 Depths:3 Depths:4
Pandemonium: Depths:2
Ziggurat: Depths:3
Trove: Elf:3 (give 2 scrolls of acquirement)

Annotations:
D:13 exclusion: door
Slime:3 exclusion: 2 upstairs, Dissolution
Slime:4 exclusion: upstairs
Slime:5 exclusion: upstairs
Elf:1 6 runed translucent doors
Vaults:4 1 runed translucent door, Ciotsan's ghost, adept FeIE
Crypt:1 Vv
Depths:3 1 exclusion
Depths:4 3 runed translucent doors, Ompaem's ghost, adept HOMo
Zot:2 2 transporters, exclusions: 2 downstairs and 2 upstairs
Zot:3 exclusion: downstairs
Zot:4 exclusion: 2 upstairs, Tiamat
Zot:5 exclusion: upstairs
Abyss:1 Firib's ghost, journeyman TrWn; Frances


Innate Abilities, Weirdness & Mutations

You have very sharp teeth.
Your uncanny sense of smell can sniff out nearby items.
Your experience applies equally to all skills.
You are partially covered in iridescent scales. (AC +2)
You do not regenerate when monsters are visible.
Your spells are a little harder to cast, but a little more powerful.
You have hidden genetic potential.


Message History

Casting: Borgnjor's Vile Clutch (safe; 1% risk of failure)
Confirm with . or Enter, or press ? or * to list all spells.
You summon a servant imbued with your destructive magic!
The Orb Guardian hits you.
You take 6 damage, and have 227/233 hp.
You now have 42/49 mp.
Casting: Spellforged Servitor (mildly dangerous; 1% risk of failure)
Confirm with . or Enter, or press ? or * to list all spells.
You block the Orb Guardian's attack. x2
You now have 36/49 mp.
Casting: Summon Cactus Giant (mildly dangerous; 1% risk of failure)
Confirm with . or Enter, or press ? or * to list all spells.
You summon a lindwurm!
You block the Orb Guardian's attack.
Your cactus giant closely misses the Orb Guardian.
You now have 30/49 mp.
The Orb Guardian hits you but does no damage.
You block the Orb Guardian's attack.
An Ice Fiend comes into view.
Casting: Monstrous Menagerie (mildly dangerous; 1% risk of failure)
Confirm with . or Enter, or press ? or * to list all spells.
You summon a lindwurm!
The Orb Guardian hits you!
You take 16 damage, and have 211/233 hp.
You now have 23/49 mp.
The Ice Fiend attacks as you move away! The Ice Fiend completely misses you.
You block the Ice Fiend's attack.
The Orb Guardian attacks as you move away!
The Orb Guardian hits you but does no damage.
Your spellforged servitor points at the Orb Guardian and mumbles some strange words.
The crystal spear hits the Orb Guardian!!!
The Ice Fiend claws your lindwurm! The Ice Fiend freezes your lindwurm!!!
The Ice Fiend claws your lindwurm!
Your lindwurm dies!
Your lindwurm's corpse disappears in a puff of smoke!
Your cactus giant barely misses the Orb Guardian.
There is a staircase leading out of the dungeon here.
The Orb Guardian hits your spellforged servitor but does no damage.
The Orb Guardian closely misses your spellforged servitor.
Your lindwurm bites the Orb Guardian but does no damage.
Your lindwurm barely misses the Orb Guardian.
Your lindwurm misses the Orb Guardian.
You have escaped!

#####..###.....##.........)......
...##.## #####.#.......####......
##.....# ######.#########...###.
#####.####~~~~♣.♣~~~~#......# #.
#.##.#~...♣.♣...~#......# #.
#.##.#~.P.....♣.~#...#### #.
#>...#~PPP...♣♣♣~#...# ##
####.#♣.P..kC.♣.♣#...# #
#######...~....@X...~....#######
#.....##.#♣....91.P.♣#..........
#.....####~......PPP~#..........
#.....# #~.......P.~#..........
#.....####~~~~♣~♣~~~~#..........
#........######.######.....###..
##.##..#..#.....# ##....#.....#
#.##..#.....#### #...##.##.###
#.##........# #..##.⌠.##.##


You could see an Ice Fiend, an Orb Guardian (distracted, drained, ally target),
a friendly spellforged servitor (summoned), a friendly lindwurm (summoned) and a
friendly cactus giant (summoned).

Vanquished Creatures
  the Royal Jelly (Slime:5)
  2 dread liches
  2 orbs of fire (Zot:5)
  Mara (Depths:1)
  3 juggernauts (Depths:3)
  Josephina (Depths:2)
  2 Killer Klowns (Zot:3)
  Frederick (Vaults:3)
  Saint Roka (Vaults:4)
  A caustic shrike (Depths:3)
  A curse toe (Zot:4)
  Jory (Depths:3)
  4 golden dragons
  Arachne (Spider:4)
  An electric golem (Zot:2)
  5 tentacled monstrosities
  Mlioglotl (Swamp:1)
  Rupert (D:14)
  9 Orb Guardians (Zot:5)
  2 liches (Depths:3)
  Zenata (Vaults:4)
  3 quicksilver dragons
  2 deep elf blademasters (Elf:3)
  2 thorn hunters
  6 acid blobs
  4 death cobs
  4 sphinxes
  2 deep elf master archers (Elf:3)
  Donald (Vaults:2)
  Kirke (Swamp:3)
  4 tengu reavers
  A draconian monk (Zot:5)
  3 shadow dragons
  7 storm dragons
  3 azure jellies
  6 rockslimes
  2 draconian knights
  3 deep elf sorcerers
  2 iron dragons
  9 fire giants
  An imperial myrmidon (Desolation)
  5 frost giants
  3 draconian scorchers
  2 draconian shifters (Zot:1)
  4 ghost moths
  13 vault wardens
  6 emperor scorpions
  2 orc warlords (Vaults:3)
  5 deep elf elementalists (Elf:3)
  A balrug (Depths:1)
  A ghoul (Crypt:1)
  A draconian annihilator (Zot:2)
  2 quicksilver oozes (Slime:5)
  11 ironbound preservers
  8 stone giants
  2 war gargoyles (Vaults:3)
  2 spriggan defenders
  A broodmother (Spider:4)
  14 very ugly things
  10 ironbound thunderhulks
  4 vampire knights
  An eleionoma (Swamp:3)
  4 green draconians
  2 black draconians
  A halazid warlock (Desolation)
  Nessos (Lair:5)
  6 deep elf annihilators
  4 white draconians
  8 spark wasps
  6 deep elf demonologists
  8 dire elephants (Vaults:2)
  A lorocyproca (Depths:2)
  3 bunyips
  6 red draconians
  3 purple draconians
  7 deep elf death magi
  A green death (D:8)
  2 ragged hierophants (Desolation)
  The ghost of p0werm0de the Cleaver, a journeyman MeCK of Xom (Orc:1)
  3 crystal guardians
  7 ettins
  5 deep elf high priests
  4 fire dragons
  5 entropy weavers
  10 yaktaur captains
  Erolcha (Orc:2)
  10 great orbs of eyes
  20 hydras
  11 vault guards
  9 servants of whispers
  A rakshasa (Depths:2)
  A spriggan air mage (Depths:3)
  6 ice dragons
  4 peacekeepers
  8 centaur warriors
  2 radroaches
  8 ironbound frosthearts
  A catoblepas (Lair:3)
  4 ghost crabs
  A jorogumo (Spider:3)
  A boulder beetle (shapeshifter) (Depths:3)
  17 boulder beetles
  5 deep troll shamans
  23 dancing weapons
  4 two-headed ogres
  3 spriggan berserkers
  3 orc high priests
  4 tengu warriors
  A vampire mage (Depths:2)
  6 alligators
  2 deep troll earth magi
  10 death yaks
  3 thrashing horrors (Lair:5)
  Urug (Lair:5)
  A soul eater (Depths:2)
  4 iron trolls (Depths:1)
  16 deep elf knights
  6 pharaoh ants
  Lodul (D:13)
  2 skeletal warriors (D:14)
  A sun moth (Spider:4)
  The ghost of flestrin the Martial Artist, a novice DsTm of Wu Jian (D:8)
  5 steelbarb worms
  5 spriggan druids
  26 deep trolls
  A shadow demon (D:10)
  4 goliath frogs
  4 bog bodies
  3 wizards
  A flayed ghost (Depths:2)
  6 glowing orange brains
  An orange crystal statue (IceCv)
  4 deep elf archers
  13 ironbound convokers
  3 necromancers
  10 swamp dragons
  13 orb spiders
  18 deep elf zephyrmancers
  A mana viper (shapeshifter) (Lair:5)
  6 phantasmal warriors
  14 lindwurms
  15 deep elf pyromancers
  4 oklob plants (Lair:4)
  2 harpies (shapeshifter)
  19 orc knights
  17 wolf spiders
  4 orc sorcerers (Orc:2)
  3 manticores
  19 ugly things
  2 cyclopes (D:14)
  2 shining eyes (Slime:5)
  3 will-o-the-wisps
  16 moths of wrath
  11 vault sentinels
  4 guardian serpents (Desolation)
  8 elephants
  7 black mambas
  A demonic crawler (Lair:3)
  2 torpor snails
  5 storm dragon simulacra (IceCv)
  10 cane toads
  2 smoke demons (Lair:5)
  An unseen horror (D:13)
  A molten gargoyle (Desolation)
  An elf zombie (Vaults:2)
  A gargoyle (D:12)
  26 yaktaurs
  7 rime drakes
  8 komodo dragons
  A freezing wraith (Vaults:3)
  2 human zombies
  3 golden dragon simulacra (IceCv)
  A human skeleton (Vaults:3)
  4 tengu conjurers
  3 ancient zymes (Lair:5)
  A bloated husk (Swamp:1)
  6 polar bears
  6 meliai
  4 nameless horrors
  12 tarantellas
  A tyrant leech (Swamp:3)
  36 saltlings
  3 trolls
  9 hornets
  A raiju (Orc:1)
  19 blink frogs
  A fire giant simulacrum (Depths:2)
  A dream sheep (Lair:2)
  50 slime creatures
  An ettin skeleton (Vaults:2)
  A shadow (D:12)
  3 water elementals
  17 jumping spiders
  A vampire (D:11)
  11 spriggans
  3 hogs (Swamp:3)
  3 ynoxinuls
  47 yaks
  2 air elementals (Elf:2)
  11 wyverns
  25 culicivoras
  15 basilisks
  4 wraiths
  2 fire elementals
  14 humans (D:14)
  5 golden eyes
  10 vampire mosquitoes
  A death yak simulacrum (Lair:1)
  46 redbacks
  A redback (shapeshifter) (Vaults:3)
  6 chaos spawn
  8 wargs
  2 elf skeletons
  5 steam dragons
  7 swamp worms
  A glowing shapeshifter zombie (Vaults:3)
  A floating eye (Depths:3)
  11 water moccasins
  A hell hound (Lair:3)
  6 swamp drakes
  5 large abominations
  2 ice beasts
  2 black bears
  25 orc warriors
  15 wolves
  6 ice dragon simulacra (IceCv)
  19 ogres
  4 boggarts (Vaults:1)
  11 centaurs
  3 phantoms
  2 kobold brigands
  3 necrophages
  13 bullfrogs
  11 scorpions
  An earth elemental (Elf:2)
  A two-headed ogre simulacrum (Lair:1)
  16 small abominations
  12 wights
  6 killer bees (D:10)
  5 lindwurm simulacra (IceCv)
  A water moccasin skeleton (Crypt:1)
  7 howler monkeys
  2 electric eels (D:15)
  A lava snake (D:13)
  3 hounds
  21 orc priests
  2 jellies
  2 gnoll boudas
  5 iguanas
  18 orc wizards
  5 hell rats (Lair:3)
  A troll simulacrum (Lair:1)
  A spriggan simulacrum (Lair:1)
  13 gnolls
  4 adders
  2 shadow imps (D:6)
  2 white imps (D:6)
  An ufetubus (D:4)
  2 worms
  A dart slug (D:3)
  51 orcs
  4 bats (D:1)
  3 endoplasms
  5 giant cockroaches
  7 goblins
  6 hobgoblins
  4 jackals (D:5)
  3 quokkas
  6 ball pythons
  5 frilled lizards
  11 kobolds
  5 rats
1646 creatures vanquished.

Vanquished Creatures (collateral kills)
  3 ancient liches
  An orb of fire (Zot:5)
  2 juggernauts (Depths:3)
  A Killer Klown (Zot:5)
  A golden dragon (Zot:3)
  A Tzitzimitl (Depths:1)
  2 electric golems (Zot:5)
  3 tentacled monstrosities
  14 Orb Guardians
  A sphinx (Vaults:4)
  A quicksilver dragon (Zot:4)
  10 acid blobs
  4 death cobs
  3 shadow dragons
  2 tengu reavers
  3 storm dragons
  A draconian monk (Zot:1)
  11 rockslimes
  4 azure jellies
  4 fire giants
  A fenstrider witch (Swamp:3)
  A draconian scorcher (Depths:4)
  5 very ugly things
  4 draconian shifters
  A ghoul (Vaults:2)
  3 draconian stormcallers
  2 quicksilver oozes
  Aizul (Swamp:3)
  A stone giant (shapeshifter) (Vaults:3)
  2 war gargoyles (Vaults:3)
  A deep elf annihilator (Vaults:3)
  2 vampire knights
  An eleionoma (Swamp:3)
  2 black draconians
  A white draconian (Zot:5)
  4 yellow draconians
  A jiangshi (Crypt:1)
  2 purple draconians (Zot:2)
  A blizzard demon (Depths:3)
  3 fire dragons
  2 yaktaur captains
  3 ettins
  2 crystal guardians
  A ragged hierophant (Desolation)
  2 great orbs of eyes
  An ironbound frostheart (Vaults:4)
  2 peacekeepers
  A hydra (Swamp:3)
  A rakshasa (Depths:2)
  A catoblepas (Lair:5)
  An anaconda (shapeshifter) (Depths:3)
  2 alligators (Swamp:3)
  A deep troll earth mage (Depths:2)
  A vampire mage (Depths:2)
  A tengu warrior (Depths:2)
  4 hell knights (Depths:3)
  A deep elf knight (Elf:1)
  2 sun demons (Depths:1)
  A deep troll (Vaults:4)
  A bog body (Swamp:2)
  A swamp dragon (Swamp:2)
  A shadow demon (Zot:2)
  3 phantasmal warriors
  A necromancer (Depths:3)
  A lindwurm (Vaults:2)
  An ironbound convoker (Vaults:4)
  3 shining eyes
  An ugly thing (Depths:3)
  A wolf spider (Spider:4)
  A cyclops (shapeshifter) (Depths:3)
  4 moths of wrath
  3 eyes of devastation (Slime:5)
  A rust devil (Depths:2)
  An orange demon (Depths:2)
  An eye of devastation (shapeshifter) (Vaults:3)
  5 yaktaurs
  2 ice devils
  A red devil (Depths:2)
  A troll (Vaults:4)
  A hornet (Swamp:1)
  A hellwing (Depths:2)
  9 saltlings (Desolation)
  A tarantella (Spider:2)
  A fire giant simulacrum (Depths:2)
  A sphinx simulacrum (Depths:2)
  2 nameless horrors
  9 slime creatures
  2 yaks (Lair:5)
  2 humans (D:14)
  2 chaos spawn
  A golden eye (Lair:4)
  A redback (Spider:3)
  2 large abominations (Depths:3)
  A neqoxec (Depths:4)
  A necrophage (Crypt:1)
  4 small abominations (Depths:3)
  A scorpion (Lair:3)
  2 orc priests (Vaults:4)
  2 orc wizards
  An orc (Orc:1)
222 creatures vanquished.

Vanquished Creatures (others)
  A wolf spider (Spider:3)
  A bloated husk (Swamp:3)
  A tengu simulacrum (Depths:2)
  A spriggan (Swamp:1)
  A redback (Spider:3)
  A swamp drake (Swamp:1)
  An orc warrior (Elf:1)
  An orc wizard (Elf:1)
  36 foxfires
  27 fungi
  2 pillars of salt (Desolation)
  25 plants
  12 toadstools
  3 withered plants (Desolation)
113 creatures vanquished.

Grand Total: 1981 creatures vanquished

Notes
Turn   | Place    | Note
-------+----------+-------------------------------------------
     0 | D:1      | mrw0lf the Gnoll Enchanter began the quest for the Orb.
     0 | D:1      | Reached XP level 1. HP: 13/13 MP: 6/6
    59 | D:1      | Reached XP level 2. HP: 15/19 MP: 7/7
    84 | D:1      | Found a faded altar of an unknown god.
   643 | D:1      | Reached skill level 5 in Spellcasting
   643 | D:1      | Reached XP level 3. HP: 25/25 MP: 7/9
   841 | D:2      | Reached skill level 1 in Invocations
  1830 | D:3      | Reached skill level 1 in Fighting
  1830 | D:3      | Reached skill level 1 in Long Blades
  1830 | D:3      | Reached skill level 1 in Axes
  1830 | D:3      | Reached skill level 1 in Maces & Flails
  1830 | D:3      | Reached skill level 1 in Polearms
  1830 | D:3      | Reached skill level 1 in Staves
  1830 | D:3      | Reached skill level 1 in Ranged Weapons
  1830 | D:3      | Reached skill level 1 in Throwing
  1830 | D:3      | Reached skill level 1 in Armour
  1830 | D:3      | Reached skill level 1 in Shields
  1830 | D:3      | Reached skill level 1 in Unarmed Combat
  1830 | D:3      | Reached skill level 1 in Evocations
  1879 | D:3      | Learned a level 2 spell: Ensorcelled Hibernation
  1883 | D:3      | Learned a level 3 spell: Confusing Touch
  1975 | D:3      | Reached skill level 1 in Conjurations
  1975 | D:3      | Reached skill level 1 in Summonings
  1975 | D:3      | Reached skill level 1 in Necromancy
  1975 | D:3      | Reached skill level 1 in Translocations
  1975 | D:3      | Reached skill level 1 in Transmutations
  1975 | D:3      | Reached skill level 1 in Fire Magic
  1975 | D:3      | Reached skill level 1 in Ice Magic
  1975 | D:3      | Reached skill level 1 in Air Magic
  1975 | D:3      | Reached skill level 1 in Earth Magic
  1975 | D:3      | Reached skill level 1 in Poison Magic
  1975 | D:3      | Reached XP level 4. HP: 31/32 MP: 11/11
  2123 | D:3      | Found a glowing golden altar of the Shining One.
  2573 | D:4      | Noticed a phantom
  2621 | D:4      | Noticed an ogre
  2693 | D:4      | Noticed a scorpion
  2698 | D:4      | Killed a scorpion
  2699 | D:4      | Reached XP level 5. HP: 37/37 MP: 12/12
  2824 | D:4      | Found a bloodstained altar of Trog.
  2888 | D:4      | Reached XP level 6. HP: 40/44 MP: 10/13
  2974 | D:4      | Reached skill level 5 in Dodging
  3216 | D:4      | Reached XP level 7. HP: 51/51 MP: 11/15
  3478 | D:5      | Entered Level 5 of the Dungeon
  3538 | D:5      | Found an ancient bone altar of Kikubaaqudgha.
  3710 | D:5      | Found a blossoming altar of Fedhas.
  3785 | D:4      | Reached XP level 8. HP: 52/57 MP: 13/16
  3844 | D:5      | Noticed a two-headed ogre
  4612 | D:6      | Found a stormy altar of Qazlal.
  5306 | D:6      | Found a radiant altar of Vehumet.
  5533 | D:7      | Reached XP level 9. HP: 65/65 MP: 16/18
  5680 | D:7      | Reached skill level 5 in Short Blades
  5878 | D:7      | Found a staircase to the Ecumenical Temple.
  6071 | D:7      | Found a sacrificial altar of Ru.
  6100 | D:7      | Reached skill level 5 in Invocations
  7015 | D:8      | Noticed a two-headed ogre
  7115 | D:8      | Noticed flestrin's ghost (novice DsTm)
  7265 | D:8      | Killed a two-headed ogre
  7266 | D:8      | Reached skill level 5 in Fighting
  7266 | D:8      | Reached skill level 5 in Long Blades
  7266 | D:8      | Reached skill level 5 in Axes
  7266 | D:8      | Reached skill level 5 in Maces & Flails
  7266 | D:8      | Reached skill level 5 in Polearms
  7266 | D:8      | Reached skill level 5 in Staves
  7266 | D:8      | Reached skill level 5 in Ranged Weapons
  7266 | D:8      | Reached skill level 5 in Throwing
  7266 | D:8      | Reached skill level 5 in Armour
  7266 | D:8      | Reached skill level 5 in Shields
  7266 | D:8      | Reached skill level 5 in Unarmed Combat
  7266 | D:8      | Reached skill level 5 in Evocations
  7266 | D:8      | Reached XP level 10. HP: 47/74 MP: 11/20
  7461 | D:8      | Found a hazy altar of Hepliaklqana.
  7717 | D:8      | Found a runed translucent door.
  8314 | Temple   | Entered the Ecumenical Temple
  8496 | Temple   | Became a worshipper of Ashenzari the Shackled
  9101 | D:9      | Found a staircase to the Lair.
  9238 | D:9      | Noticed a two-headed ogre
  9262 | D:9      | Killed a two-headed ogre
  9758 | D:10     | Entered Level 10 of the Dungeon
  9835 | D:10     | Reached skill level 5 in Conjurations
  9835 | D:10     | Reached skill level 5 in Summonings
  9835 | D:10     | Reached skill level 5 in Necromancy
  9835 | D:10     | Reached skill level 5 in Translocations
  9835 | D:10     | Reached skill level 5 in Transmutations
  9835 | D:10     | Reached skill level 5 in Fire Magic
  9835 | D:10     | Reached skill level 5 in Ice Magic
  9835 | D:10     | Reached skill level 5 in Air Magic
  9835 | D:10     | Reached skill level 5 in Earth Magic
  9835 | D:10     | Reached skill level 5 in Poison Magic
  9965 | D:10     | Reached XP level 11. HP: 58/81 MP: 19/22
 10128 | D:10     | Found Ynuixkyte's General Store.
 10133 | D:10     | Bought a scroll of fog for 52 gold pieces
 10133 | D:10     | Bought a scroll of blinking for 97 gold pieces
 10133 | D:10     | Bought a scroll of amnesia for 52 gold pieces
 10142 | D:10     | Found a glowing silver altar of Zin.
 10499 | D:10     | Found a sparkling altar of Nemelex Xobeh.
 10877 | D:11     | Reached * piety under Ashenzari
 10917 | D:11     | Found a staircase to the Orcish Mines.
 11512 | Lair:1   | Entered Level 1 of the Lair of Beasts
 11660 | Lair:1   | Identified Waedwu's Almanac of Metal
 11869 | Lair:1   | Reached ** piety under Ashenzari
 12143 | Lair:1   | Noticed an ice dragon
 12155 | Lair:1   | Noticed a death yak
 13711 | Lair:1   | Reached XP level 12. HP: 94/94 MP: 23/26
 13889 | Lair:2   | Noticed a death yak
 13890 | Lair:2   | Noticed a death yak
 13891 | Lair:2   | Noticed a death yak
 13891 | Lair:2   | Noticed a death yak
 13969 | Lair:1   | Killed a death yak
 14027 | Lair:1   | Killed a death yak
 14137 | Lair:1   | Killed a death yak
 14181 | Lair:1   | Killed a death yak
 14366 | Lair:2   | Found a runed translucent gate.
 14366 | Lair:2   | Found a runed translucent gate.
 14366 | Lair:2   | Found a runed translucent gate.
 14368 | Lair:2   | Noticed a death yak
 14369 | Lair:2   | Noticed Firib's ghost (journeyman TrWn)
 15133 | Lair:3   | Found a radiant altar of Vehumet.
 15262 | Lair:3   | Reached skill level 10 in Stealth
 15426 | Lair:3   | Found a staircase to the Swamp.
 15466 | Lair:3   | Noticed an eight-headed hydra
 15474 | Lair:3   | Learned a level 5 spell: Irradiate
 15502 | Lair:3   | Killed an eight-headed hydra
 15575 | Lair:3   | Found a hole to the Spider Nest.
 15781 | Lair:3   | Noticed a catoblepas
 15814 | Lair:3   | Killed a catoblepas
 15815 | Lair:3   | Reached *** piety under Ashenzari
 15983 | Lair:3   | Noticed a boulder beetle
 16012 | Lair:3   | Killed a boulder beetle
 16013 | Lair:3   | Reached XP level 13. HP: 103/103 MP: 21/28
 16386 | Lair:3   | Identified the cursed +0 cloak "Limitation of Ashenzari"
                  | {Melee, Elem} (You found it on level 3 of the Dungeon)
 16386 | Lair:3   | Identified the cursed +2 helmet "Shattered Portent" {Cun,
                  | Fort} (You found it on level 8 of the Dungeon)
 16386 | Lair:3   | Identified the cursed +0 pair of gloves of the Ruined Ether
                  | {Bglg, Alch} (You found it on level 4 of the Dungeon)
 16386 | Lair:3   | Identified the cursed +0 pair of boots "Ensconced Together"
                  | {Self, Melee} (You found it on level 1 of the Dungeon)
 17341 | Lair:4   | Reached skill level 10 in Spellcasting
 17815 | Lair:4   | Found a viscous altar of Jiyva.
 18149 | Lair:5   | Entered Level 5 of the Lair of Beasts
 18311 | Lair:5   | Noticed Urug
 18485 | Lair:5   | Killed Urug
 18486 | Lair:5   | Reached skill level 10 in Dodging
 19643 | Lair:5   | Reached XP level 14. HP: 111/111 MP: 19/30
 19652 | Lair:5   | Reached skill level 10 in Invocations
 19754 | Lair:5   | Noticed Nessos
 19762 | Lair:5   | Killed Nessos
 21952 | Lair:5   | Reached skill level 10 in Short Blades
 22893 | Lair:5   | Found a corrupted altar of Lugonu.
 22893 | Lair:5   | Found a one-way gate to the infinite horrors of the Abyss.
 23188 | D:11     | Identified the +0 leather armour "Guzuepl Epif" {rC+ Dex+2}
 23205 | D:11     | Learned a level 3 spell: Mephitic Cloud
 23742 | D:12     | Reached **** piety under Ashenzari
 24557 | Orc:1    | Entered Level 1 of the Orcish Mines
 24766 | Orc:1    | Reached skill level 10 in Hexes
 25258 | Orc:1    | Found a transporter.
 25267 | Orc:1    | Found a transporter.
 25475 | Orc:1    | Found Yqozua's Overcharged Wands.
 25587 | Orc:1    | Noticed a brown very ugly thing
 25587 | Orc:1    | Noticed a white very ugly thing
 25613 | Orc:2    | Entered Level 2 of the Orcish Mines
 25613 | Orc:2    | Found Ubiupriy's Assorted Antiques.
 25636 | Orc:2    | Reached skill level 10 in Fighting
 25636 | Orc:2    | Reached skill level 10 in Long Blades
 25636 | Orc:2    | Reached skill level 10 in Axes
 25636 | Orc:2    | Reached skill level 10 in Maces & Flails
 25636 | Orc:2    | Reached skill level 10 in Polearms
 25636 | Orc:2    | Reached skill level 10 in Staves
 25636 | Orc:2    | Reached skill level 10 in Ranged Weapons
 25636 | Orc:2    | Reached skill level 10 in Throwing
 25636 | Orc:2    | Reached skill level 10 in Armour
 25636 | Orc:2    | Reached skill level 10 in Shields
 25636 | Orc:2    | Reached skill level 10 in Unarmed Combat
 25636 | Orc:2    | Reached skill level 10 in Evocations
 25644 | Orc:2    | Bought a scroll of fear for 108 gold pieces
 25676 | Orc:2    | Found a staircase to the Elven Halls.
 25698 | Orc:2    | Noticed Erolcha
 25711 | Orc:2    | Killed Erolcha
 26249 | Orc:2    | Reached XP level 15. HP: 125/125 MP: 28/34
 27040 | Orc:2    | Learned a level 2 spell: Blink
 27076 | Orc:2    | Found Wulin's General Store.
 27076 | Orc:2    | Found Wov Goff's Armour Boutique.
 27141 | Orc:2    | Found Ustaaz's Antique Armour Boutique.
 27141 | Orc:2    | Found Zonnar's General Store.
 27150 | Orc:2    | Bought a scroll of teleportation for 39 gold pieces
 27207 | Orc:2    | Bought a red potion for 24 gold pieces
 27441 | D:13     | Found a large runed translucent door.
 27441 | D:13     | Found a large runed translucent door.
 27678 | D:13     | Found a hide-covered altar of Uskayaw.
 27700 | D:13     | Reached ***** piety under Ashenzari
 28055 | D:13     | Noticed Lodul
 28081 | D:13     | Killed Lodul
 28424 | D:14     | Noticed Rupert
 28450 | D:14     | Paralysed by Rupert for 2 turns
 28458 | D:14     | Killed Rupert
 28968 | D:14     | Found a gate to the Vaults.
 29042 | D:14     | Found a broken altar of Ashenzari.
 29732 | D:15     | Entered Level 15 of the Dungeon
 29816 | D:15     | Found Tuefear's Self-Improvement Boutique.
 29895 | D:15     | Bought a manual of Air Magic for 1360 gold pieces
 30253 | D:15     | Found Lecaocoi's Book Boutique.
 30342 | D:15     | Reached XP level 16. HP: 134/141 MP: 25/38
 30586 | D:15     | Found a staircase to the Depths.
 30833 | D:15     | Learned a level 4 spell: Olgreb's Toxic Radiance
 31095 | Spider:1 | Entered Level 1 of the Spider Nest
 31787 | Spider:1 | Identified the +2 spear "Juilinir" {flame, MP-9 Int+7
                  | Dex+3}
 32257 | Spider:2 | Reached skill level 10 in Air Magic
 32932 | Spider:3 | Identified the +8 short sword of Nuelos {antimagic, rElec
                  | rF+}
 34407 | Spider:4 | Entered Level 4 of the Spider Nest
 34425 | Spider:4 | Reached XP level 17. HP: 149/149 MP: 36/40
 34444 | Spider:4 | Noticed Arachne
 34605 | Spider:3 | Reached skill level 10 in Conjurations
 34605 | Spider:3 | Reached skill level 10 in Summonings
 34605 | Spider:3 | Reached skill level 10 in Necromancy
 34605 | Spider:3 | Reached skill level 10 in Translocations
 34605 | Spider:3 | Reached skill level 10 in Transmutations
 34605 | Spider:3 | Reached skill level 10 in Fire Magic
 34605 | Spider:3 | Reached skill level 10 in Ice Magic
 34605 | Spider:3 | Reached skill level 10 in Earth Magic
 34605 | Spider:3 | Reached skill level 10 in Poison Magic
 34949 | Spider:4 | Identified the +1 scale mail of the Little Devil {-Cast rN+
                  | Will++ SInv}
 35055 | Spider:4 | Killed Arachne
 36700 | Spider:4 | Got a gossamer rune of Zot
 37670 | Swamp:1  | Entered Level 1 of the Swamp
 37913 | Swamp:1  | Noticed Mlioglotl
 37938 | Swamp:1  | Killed Mlioglotl
 38763 | Swamp:1  | Noticed Frances
 38793 | Swamp:1  | Banished Frances
 39418 | Swamp:2  | Reached XP level 18. HP: 144/159 MP: 36/41
 39418 | Swamp:2  | Reached XP level 19. HP: 151/166 MP: 36/42
 39735 | Swamp:3  | Found a frozen archway.
 39742 | IceCv    | Entered an ice cave
 40469 | IceCv    | Noticed a golden dragon
 40471 | IceCv    | Identified the ring of Equ Beys {rN++ Str-5 SInv}
 40860 | IceCv    | Identified the ring of Teehyesm {Fire rN+ Dex+4}
 40863 | IceCv    | Identified the ring of Balance {rC+ Str+3}
 41821 | Swamp:3  | Noticed Kirke
 41849 | Swamp:3  | Killed Kirke
 42525 | Swamp:4  | Entered Level 4 of the Swamp
 44192 | Swamp:4  | Got a decaying rune of Zot
 44313 | Swamp:4  | Noticed Aizul
 44321 | Swamp:4  | Paralysed by a fenstrider witch for 2 turns
 44336 | Swamp:3  | Killed Aizul
 45381 | D:15     | Learned a level 7 spell: Ozocubu's Refrigeration
 45526 | D:10     | Bought a scroll of enchant armour for 97 gold pieces
 46545 | D:15     | Upgraded the game from 0.30-a0-576-g89cddaab80 to
                  | 0.30-a0-578-gdee14c521f
 46936 | D:8      | Identified Waedwu's Almanac of Metal
 46966 | D:8      | Killed flestrin's ghost
 47424 | Lair:2   | Banished Firib's ghost
 47842 | Orc:1    | Noticed p0werm0de's ghost (journeyman MeCK)
 48058 | Orc:1    | Killed p0werm0de's ghost
 48063 | Orc:1    | Paralysed by a great orb of eyes for 4 turns
 48992 | Elf:1    | Entered Level 1 of the Elven Halls
 49471 | Elf:1    | Reached XP level 20. HP: 149/172 MP: 39/43
 49471 | Elf:1    | Reached XP level 21. HP: 156/180 MP: 39/44
 49472 | Elf:1    | Reached XP level 22. HP: 163/187 MP: 40/45
 50901 | Elf:1    | Found a runed translucent gate.
 50901 | Elf:1    | Found a runed translucent gate.
 50901 | Elf:1    | Found a runed translucent gate.
 50901 | Elf:1    | Found a runed translucent gate.
 50901 | Elf:1    | Found a runed translucent gate.
 50903 | Elf:1    | Found a runed translucent gate.
 51005 | Elf:2    | Reached skill level 15 in Invocations
 51108 | Elf:2    | Found a crumbling gateway.
 51133 | Desolati | Entered the Desolation of Salt
 51159 | Desolati | Identified the +0 scale mail of Infinity {rElec rCorr}
 51347 | Desolati | Identified the ring "Erolan" {rPois rC+ rN+ Will+ Str-3}
 51361 | Desolati | Reached skill level 15 in Stealth
 51916 | Desolati | Identified Vyocres's Treatise on the Traveller
 51916 | Desolati | Identified the ring "Xereesor" {rElec rC+ rCorr Int+3
                  | Dex-4}
 51920 | Desolati | Identified the Codex of Fire and Metal
 52432 | Desolati | Identified Finacs's Precepts of Peregrination and Hexes
 52432 | Desolati | Found the +4 Cigotuvi's embrace {rMiasma Drain rN+}
 53011 | Elf:2    | Learned a level 3 spell: Swiftness
 53188 | D:13     | Found an iron altar of Okawaru.
 53188 | D:13     | Found an iron altar of Okawaru.
 53590 | Elf:2    | Paralysed by an air elemental for 1 turns
 53594 | Elf:2    | Paralysed by an air elemental for 1 turns
 55112 | Elf:2    | Found a runed translucent gate.
 55112 | Elf:2    | Found a runed translucent gate.
 55112 | Elf:2    | Found a runed translucent gate.
 55201 | Elf:2    | Paralysed by an air elemental for 1 turns
 55209 | Elf:2    | Paralysed by an air elemental for 1 turns
 55226 | Elf:2    | Reached skill level 15 in Spellcasting
 55252 | Elf:2    | Found Fuut's Antique Armour Shop.
 55448 | Elf:2    | Bought a pair of glowing boots for 247 gold pieces
 55448 | Elf:2    | Bought a glowing helmet for 247 gold pieces
 56177 | Elf:2    | Reached skill level 15 in Dodging
 56645 | Elf:3    | Entered Level 3 of the Elven Halls
 57447 | Elf:3    | Identified the ring "Yfil" {Str+3 Dex+6}
 57745 | Elf:3    | Found a portal to a secret trove of treasure.
 57860 | Elf:3    | Identified the ring of Emmub {+Blink rF+ Will+ rCorr}
 58218 | Elf:3    | Reached XP level 23. HP: 194/194 MP: 43/46
 58457 | Elf:3    | Identified the +7 hand axe of Urgency {heavy, +Blink Will-
                  | Dex+2 Stlth+}
 58742 | Elf:3    | Identified the +1 mace of Disharmony {heavy, rF+}
 58797 | Elf:3    | Identified the +11 sling of Kismet {antimagic, *Corrode
                  | rN++ Int+4}
 58802 | Elf:3    | Identified the Treatise on Stony Dislocation
 58811 | Elf:3    | Identified the +2 shortbow of the Land of Plenty {heavy,
                  | Will++}
 58812 | Elf:3    | Identified the +0 ring mail "Fysel" {rN+ Str+3}
 59842 | D:15     | Gained mutation: You occasionally lose the ability to drink
                  | potions when taking damage. [mutagenic glow]
 59863 | D:15     | Gained mutation: You are occasionally teleported next to
                  | monsters. [mutagenic glow]
 60066 | Elf:3    | Learned a level 5 spell: Borgnjor's Vile Clutch
 60342 | Vaults:1 | Entered Level 1 of the Vaults
 60474 | D:15     | Lost mutation: You occasionally lose the ability to drink
                  | potions when taking damage. [potion of mutation]
 60474 | D:15     | Lost mutation: You are occasionally teleported next to
                  | monsters. [potion of mutation]
 60474 | D:15     | Gained mutation: You have an increased reservoir of magic.
                  | (+10% MP) [potion of mutation]
 60474 | D:15     | Gained mutation: You are frail. (-10% HP) [potion of
                  | mutation]
 60474 | D:15     | Gained mutation: Your muscles are strong. (Str +4, Int/Dex
                  | -1) [potion of mutation]
 60614 | Vaults:1 | Reached skill level 15 in Air Magic
 61193 | Vaults:1 | Reached skill level 15 in Short Blades
 62654 | Vaults:1 | Found Muysmoagg's Book Emporium.
 63223 | Vaults:2 | Reached skill level 15 in Fighting
 63223 | Vaults:2 | Reached skill level 15 in Long Blades
 63223 | Vaults:2 | Reached skill level 15 in Axes
 63223 | Vaults:2 | Reached skill level 15 in Maces & Flails
 63223 | Vaults:2 | Reached skill level 15 in Polearms
 63223 | Vaults:2 | Reached skill level 15 in Staves
 63223 | Vaults:2 | Reached skill level 15 in Ranged Weapons
 63223 | Vaults:2 | Reached skill level 15 in Throwing
 63223 | Vaults:2 | Reached skill level 15 in Armour
 63223 | Vaults:2 | Reached skill level 15 in Shields
 63223 | Vaults:2 | Reached skill level 15 in Unarmed Combat
 63223 | Vaults:2 | Reached skill level 15 in Evocations
 64452 | Vaults:2 | Identified the +3 chain mail "Erywiubi" {Stlth+}
 64496 | Vaults:2 | Found a staircase to the Crypt.
 64496 | Vaults:2 | Found an ancient bone altar of Kikubaaqudgha.
 64497 | Vaults:2 | Found a basalt altar of Yredelemnul.
 64897 | Vaults:2 | Noticed Donald
 64910 | Vaults:2 | Killed Donald
 64976 | Vaults:2 | Identified the +6 battleaxe "Nerraliq" {speed, Str+5}
 65813 | Vaults:3 | Found Citzevia's General Store.
 65821 | Vaults:3 | Bought a potion of might for 72 gold pieces
 66068 | Vaults:3 | Found Naos's Weapon Shoppe.
 66085 | Vaults:3 | Bought the +7 Spriggan's Knife {stab, EV+4 Stlth+} for 826
                  | gold pieces
 66085 | Vaults:3 | Found the +7 Spriggan's Knife {stab, EV+4 Stlth+}
 66646 | Vaults:3 | Reached XP level 24. HP: 182/185 MP: 47/53
 66691 | Vaults:3 | Found Yqeing's Weapon Emporium.
 66820 | Vaults:3 | Noticed Frederick
 66826 | Vaults:3 | Killed Frederick
 67253 | Vaults:3 | Identified the +9 sling of Hioteh {flame, Dex+4}
 68283 | Vaults:3 | Learned a level 7 spell: Spellforged Servitor
 68290 | Vaults:3 | Learned a level 6 spell: Iron Shot
 69174 | Vaults:3 | Noticed a dread lich
 69380 | Vaults:3 | Paralysed by a dread lich for 5 turns
 69381 | Vaults:3 | Killed a dread lich
 70230 | Vaults:4 | Reached skill level 15 in Necromancy
 70888 | Vaults:4 | Noticed Saint Roka
 70901 | Vaults:4 | Killed Saint Roka
 71119 | Vaults:4 | Found a runed translucent door.
 71119 | Vaults:4 | Noticed Ciotsan's ghost (adept FeIE)
 71160 | Vaults:4 | Noticed Zenata
 71167 | Vaults:4 | Killed Zenata
 72901 | Crypt:1  | Entered Level 1 of the Crypt
 72936 | Crypt:1  | Paralysed by a vampire knight for 5 turns
 72936 | Crypt:1  | Noticed Vv
 72940 | Crypt:1  | HP: 2/185 [vampire knight/+0 great sword (9)]
 73736 | Depths:1 | Entered Level 1 of the Depths
 73813 | Depths:1 | Identified the +1 chain mail "Davai" {*Slow rPois rF+++
                  | Stlth-}
 73815 | Depths:1 | Found a gateway to Hell.
 73994 | Depths:1 | Noticed Mara
 73996 | Depths:1 | Noticed mrw0lf's illusion
 74005 | Depths:1 | Killed Mara
 74276 | Depths:1 | Reached XP level 25. HP: 190/190 MP: 44/53
 74794 | Depths:1 | Found a sacrificial altar of Ru.
 75877 | Depths:2 | Identified the ring "Liuniblu" {Ice rN++}
 75877 | Depths:2 | Noticed Josephina
 75923 | Depths:2 | Killed Josephina
 76331 | Depths:2 | Found a one-way gate leading to the halls of Pandemonium.
 76576 | Depths:3 | Found a one-way gateway to a ziggurat.
 76585 | Depths:3 | Paralysed by a floating eye for 3 turns
 76592 | Depths:3 | Paralysed by a floating eye for 3 turns
 76599 | Depths:3 | Paralysed by a floating eye for 4 turns
 76606 | Depths:3 | Paralysed by a floating eye for 3 turns
 76612 | Depths:3 | Paralysed by a floating eye for 4 turns
 76618 | Depths:3 | Paralysed by a floating eye for 2 turns
 76677 | Depths:3 | Paralysed by a floating eye for 3 turns
 76993 | Depths:3 | Noticed a juggernaut
 77215 | Depths:3 | Reached skill level 15 in Hexes
 77219 | Depths:3 | Noticed a juggernaut
 77219 | Depths:3 | Killed a juggernaut
 77219 | Depths:3 | Noticed a juggernaut
 77480 | Depths:3 | Noticed a juggernaut
 77495 | Depths:3 | Killed a juggernaut
 77572 | Depths:3 | Killed a juggernaut
 78013 | Depths:3 | Found the +8 longbow "Zephyr" {speed, Dex+3 SInv}
 78440 | Depths:3 | Noticed a juggernaut
 78448 | Depths:3 | Killed a juggernaut
 78469 | Depths:3 | Noticed Jory
 78475 | Depths:3 | Killed a juggernaut
 78483 | Depths:3 | Killed Jory
 78497 | Depths:3 | Paralysed by a floating eye for 4 turns
 78563 | Depths:3 | Identified the +7 long sword "Lohel" {heavy, rPois rC+
                  | Will+++ Dex-4}
 79443 | Depths:3 | Paralysed by a floating eye for 2 turns
 79449 | Depths:3 | Paralysed by a floating eye for 4 turns
 79625 | Depths:4 | Entered Level 4 of the Depths
 79625 | Depths:4 | Found Hynkoiwk's Weapon Shoppe.
 80175 | Depths:4 | Reached XP level 26. HP: 191/201 MP: 46/54
 80328 | Depths:4 | Learned a level 8 spell: Lehudib's Crystal Spear
 80522 | Depths:4 | Found a gate to the Realm of Zot.
 80975 | Depths:4 | Found a corrupted altar of Lugonu.
 81101 | Depths:4 | Found a runed translucent gate.
 81103 | Depths:4 | Found a runed translucent gate.
 81104 | Depths:4 | Found a runed translucent gate.
 81106 | Depths:4 | Noticed Ompaem's ghost (adept HOMo)
 81106 | Depths:4 | Identified the +0 pair of gloves of Servitude {rC++}
 81726 | D:15     | Bought Ozocubu's Autobiography for 456 gold pieces
 81730 | D:15     | Learned a level 3 spell: Ozocubu's Armour
 82260 | Lair:4   | Found a staircase to the Slime Pits.
 82470 | Slime:1  | Entered Level 1 of the Pits of Slime
 82602 | Slime:3  | Noticed Dissolution
 82624 | Slime:5  | Entered Level 5 of the Pits of Slime
 83219 | Slime:5  | Noticed the Royal Jelly
 83482 | Slime:5  | Lost mutation: Your muscles are strong. (Str +4, Int/Dex
                  | -1) [a shining eye]
 83507 | Slime:5  | Found a viscous altar of Jiyva.
 83510 | Slime:5  | Found the +3 pair of seven-league boots {Rampage+∞}
 83510 | Slime:5  | Identified the +10 battleaxe of Igizoeko {drain, Dex+4}
 83558 | Slime:5  | Identified the +0 pair of gloves of the Coconut {*Corrode
                  | rPois Str-2 SInv}
 83559 | Slime:5  | Identified the ring of Ukleijoot {rElec rN+++ rCorr Str-4
                  | Int-4}
 83646 | Slime:5  | Identified the +3 leather armour of the Desolation of Salt
                  | {Int+3}
 83673 | Slime:5  | Killed the Royal Jelly
 84210 | Slime:5  | Got a slimy rune of Zot
 84921 | D:15     | Learned a level 7 spell: Monstrous Menagerie
 85622 | Vaults:1 | Bought a book of Scorching for 390 gold pieces
 85629 | Vaults:1 | Learned a level 6 spell: Summon Cactus Giant
 86105 | Zot:1    | Entered Level 1 of the Realm of Zot
 86656 | Orc:1    | Bought a wand of light (18) for 1134 gold pieces
 87032 | Zot:2    | Found a transporter.
 87033 | Zot:2    | Found a transporter.
 87052 | Zot:3    | Noticed a Killer Klown
 87052 | Zot:3    | Noticed an ancient lich
 87052 | Zot:3    | Noticed a Killer Klown
 87409 | Zot:2    | Killed an ancient lich
 87848 | Zot:3    | Killed a Killer Klown
 87853 | Zot:3    | Killed a Killer Klown
 87956 | Zot:4    | Found the +4 dragonskin cloak
 87956 | Zot:4    | Noticed Tiamat
 88108 | Zot:5    | Entered Level 5 of the Realm of Zot
 88238 | Zot:5    | Reached skill level 15 in Conjurations
 88238 | Zot:5    | Reached skill level 15 in Summonings
 88238 | Zot:5    | Reached skill level 15 in Translocations
 88238 | Zot:5    | Reached skill level 15 in Transmutations
 88238 | Zot:5    | Reached skill level 15 in Fire Magic
 88238 | Zot:5    | Reached skill level 15 in Ice Magic
 88238 | Zot:5    | Reached skill level 15 in Earth Magic
 88238 | Zot:5    | Reached skill level 15 in Poison Magic
 88359 | Zot:5    | Reached XP level 27. HP: 207/207 MP: 52/54
 88906 | Zot:5    | Noticed an ancient lich
 88916 | Zot:5    | Killed an ancient lich
 89305 | Zot:5    | Noticed an ancient lich
 89324 | Zot:5    | Killed an ancient lich
 89559 | Zot:5    | Noticed a dread lich
 89568 | Zot:5    | Noticed an orb of fire
 89585 | Zot:5    | Gained mutation: You sometimes lose your temper in combat.
                  | [an orb of fire]
 89802 | Zot:5    | Gained mutation: You are vulnerable to cold. (rC-) [an orb
                  | of fire]
 89803 | Zot:5    | Killed an orb of fire
 89994 | Zot:5    | Lost mutation: You sometimes lose your temper in combat.
                  | [potion of mutation]
 89994 | Zot:5    | Lost mutation: You are frail. (-10% HP) [potion of
                  | mutation]
 89994 | Zot:5    | Lost mutation: You are vulnerable to cold. (rC-) [potion of
                  | mutation]
 89994 | Zot:5    | Gained mutation: You are agile. (Dex +4, Str/Int -1)
                  | [potion of mutation]
 89994 | Zot:5    | Gained mutation: You are vulnerable to heat. (rF-) [potion
                  | of mutation]
 90082 | Zot:5    | Noticed an orb of fire
 90097 | Zot:5    | Noticed an orb of fire
 90403 | Zot:5    | Killed a dread lich
 91083 | Zot:5    | Lost mutation: You have an increased reservoir of magic.
                  | (+10% MP) [potion of mutation]
 91083 | Zot:5    | Lost mutation: You are agile. (Dex +4, Str/Int -1) [potion
                  | of mutation]
 91083 | Zot:5    | Gained mutation: Your body sometimes deteriorates upon
                  | taking damage. [potion of mutation]
 91083 | Zot:5    | Gained mutation: Your mind is acute. (Int +4, Str/Dex -1)
                  | [potion of mutation]
 91084 | Zot:5    | Lost mutation: Your mind is acute. (Int +4, Str/Dex -1)
                  | [potion of mutation]
 91084 | Zot:5    | Lost mutation: You are vulnerable to heat. (rF-) [potion of
                  | mutation]
 91084 | Zot:5    | Lost mutation: Your body sometimes deteriorates upon taking
                  | damage. [potion of mutation]
 91084 | Zot:5    | Gained mutation: You have hidden genetic potential. [potion
                  | of mutation]
 91084 | Zot:5    | Gained mutation: You are partially covered in iridescent
                  | scales. (AC +2) [potion of mutation]
 91084 | Zot:5    | Gained mutation: You do not regenerate when monsters are
                  | visible. [potion of mutation]
 91084 | Zot:5    | Gained mutation: Your spells are a little harder to cast,
                  | but a little more powerful. [potion of mutation]
 91132 | Zot:5    | Killed an orb of fire
 91602 | Zot:5    | Killed an orb of fire
 91937 | Zot:5    | Got the Orb of Zot
 92177 | Depths:2 | Noticed Vanerghi the pandemonium lord
 92718 | D:$      | Escaped with the Orb!

Illustrated notes

Levels and vault maps discovered:
D:1:      ldierk_walled_garden, layout_loops_cross,
          ebering_ecumenical_altar_mist, minmay_strange_pillars, minivault_26,
          grunt_decor_mini_mirrors, minmay_3d_cube
D:2:      layout_basic
D:3:      layout_basic, lemuel_tele_altar
D:4:      layout_basic, lemuel_doored_altar, dreamdust_princess_bridge
D:5:      layout_basic, fedhas_ov_isle_minmay, mainiacjoe_overflow_paths,
          corexii_corridor_pit
D:6:      layout_loops_ring, mainiacjoe_overflow_six_doors_small,
          nicolae_qazlal_general_emergency
D:7:      layout_loops_ring, mainiacjoe_overflow_24_doors,
          minmay_temple_entry_from_below_a
D:8:      layout_loops_corners, old_standard_altar, hellmonk_ghost_big_iron
D:9:      layout_basic, lair_entry_dummy
D:10:     layout_loops_ring, pf_just_have_faith, kennysheep_mini, serial_shops,
          shop_fountains
D:11:     layout_long_grid, minmay_orc_entry_guard_dogs
D:12:     layout_basic
D:13:     okawaru_arena_lexackson, layout_loops_corners,
          nicolae_uskayaw_suspiria, uniq_lodul
D:14:     layout_cave_pods, david_vaults_3, cheibrodos_ashenzari_chains
D:15:     gammafunk_enter_depths_forms, layout_loops_ring, serial_shops, shop,
          minivault_14, nicolae_shop_self_help
Temple:   nicolae_temple_slightly_damp_pantheon
Lair:1:   dreamdust_isle_of_ice, layout_long_grid, grunt_megastairs_4,
          lemuel_fruit_tree, serial_bayou_shore_a
Lair:2:   layout_regular_city, gammafunk_ghost_split, serial_bayou_shore_b
Lair:3:   layout_cave_pods, minmay_swamp_entry_reptiles,
          nicolae_spider_entry_non_spiders, basic_altar, special_room
          [special_room_mythical_zoo], lemuel_fruit_fields
Lair:4:   layout_regular_city, minmay_slime_entry_oklob_enclosed,
          lemuel_old_faithful
Lair:5:   hellmonk_lair_end_abyssal_woods, layout_gridlike, grunt_megastairs_5,
          uniq_nessos, uniq_urug
Swamp:1:  cheibrodos_swamp_tower_of_moss, layout_basic_swamp, serial_swamp_ruin,
          evilmike_swamp_ruin_rubble_2, evilmike_swamp_ruin_house_4,
          evilmike_swamp_ruin_house_1, swamp_pool2, nicolae_swamp_small_spring,
          uniq_frances, uniq_mlioglotl
Swamp:2:  layout_basic_swamp, nicolae_swamp_oxbows, infiniplex_staircase_pool
Swamp:3:  layout_basic_swamp, portal_ice_cave_entry_pillars_four,
          evilmike_swamp_ruin_house_6, nicolae_swamp_little_swirl, uniq_kirke
Swamp:4:  swamp_alternative, layout_basic_swamp, nicolae_swamp_baby_hydras,
          uniq_aizul
Spider:1: layout_spider_delve, nicolae_spider_paper_wasps
Spider:2: layout_spider_delve, nicolae_spider_rock_and_or_roll
Spider:3: layout_cave_pods
Spider:4: guppyfry_spider_rune, hangedman_spider_tarantella_strand, uniq_arachne
Slime:1:  layout_caves
Slime:2:  layout_caves
Slime:3:  layout_caves, uniq_dissolution
Slime:4:  layout_caves
Slime:5
Orc:1:    layout_diamond_mine, gammafunk_ghost_abyssal_escape,
          nicolae_shop_overcharged_wands
Orc:2:    grunt_orc_tribal_feast, layout_caves, serial_shops,
          nicolae_shop_advertising_works [nicolae_subvault_shop_adworks],
          uniq_rupert, uniq_erolcha
Elf:1:    eino_elf_arrival_shootout, layout_loops_ring, orc_legates
Elf:2:    elven_hall_of_blades_hangedman_original
          [nicolae_blade_entry_hurt_lockers], layout_gridlike, serial_shops,
          shop, portal_desolation_entry_salt
Elf:3:    grunt_elf_hall_spiral, layout_onion_city, enter_trove_2
Vaults:1: v_pattern_2, nicolae_vaults_theta, ontoclasm_vaults_misaligned,
          grunt_vaults_swirl, nicolae_vaults_twisting_passages,
          grunt_vaults_focal, nicolae_vaults_big_ls, vaults_room_fancy_cross,
          v_misc_14, hangedman_vaults_cutoff, layout_vaults_omnibox,
          serial_shops, nicolae_diamond_shop
Vaults:2: nicolae_vaults_border_crossing, minmay_crypt_entry_necro_gods,
          nicolae_vaults_network_periphery, nicolae_vaults_circle_grid_a,
          vaults_room_fours, layout_vaults_omnigrid, uniq_donald
Vaults:3: st_greater_box_3, vaults_standard_mumra_lines,
          dpeg_vaults_monster_row, v_misc_26, v_rooms_4, v_misc_17, v_misc_5,
          hangedman_vaults_trim, ontoclasm_vaults_loading_screen,
          ontoclasm_vaults_pinch, nicolae_vaults_little_squares_2, v_misc_16,
          layout_vaults_maze_bifur, serial_shops, nicolae_lakefront_shop,
          shop_fountains, nicolae_shop_waterfront, uniq_frederick
Vaults:4: ebering_ghost_inner_flame, vaults_room_fancy_cross,
          ontoclasm_vaults_ring_large, nicolae_vaults_mini_display_case,
          nicolae_vaults_angled_halls, nicolae_vaults_network_barrier,
          ontoclasm_vaults_ring_small, vaults_dpeg_hooks,
          nicolae_vaults_sealed_display, layout_vaults_omnicross,
          uniq_saint_roka, uniq_zenata
Crypt:1:  layout_rooms, uniq_vv
Depths:1: layout_gridville, lightli_too_deep, kennysheep_nub, drop_trap,
          nicolae_hexahallways, moated_statue, nicolae_ru_awakened_eye,
          serial_bayou_shore_b, serial_bayou_shore_b, serial_bayou_shore_b,
          uniq_mara
Depths:2: nooodl_glass_maze, layout_small_grid, serial_glass, glass_columns_a,
          glass_columns_b, due_unseen_surprise, hell_entry,
          grunt_pan_entry_in_and_out, kennysheep_path_1, uniq_josephina
Depths:3: minmay_four_inscribed_fans, layout_twisted_cross, enter_ziggurat_d,
          grunt_decor_fettered, minmay_room_of_horrors, hell_entry,
          hangedman_decor_peaks_small, infiniplex_staircase_river, uniq_jory
Depths:4: grunt_x_marks_the_spot, layout_cave_pools,
          gammafunk_ghost_tricky_traps, pf_hell_entry_tar_spiral,
          minmay_parallelograms, serial_shops, nicolae_shop_waterfront,
          abyss_entry_flame_altar
Zot:1:    layout_basic, gammafunk_ghost_cemetery
Zot:2:    layout_gridlike, grunt_ministairs_7, serial_nicolae_subway,
          nicolae_sub_station_stone, nicolae_sub_station_metal,
          nicolae_sub_station_crystal
Zot:3:    ebering_klown_carousel, layout_basic, bh_zot_lava_cross,
          zot_minivault_1
Zot:4:    layout_concentric_octagons, lemuel_baited_zot_trap, uniq_tiamat
Zot:5:    layout_cathedral_of_symmetry

Skill      XL: |  1  2  3  4  5  6  7  8  9 10 11 12 13 14 15 16 17 18 19 20 21 22 23 24 25 26 27 |
---------------+----------------------------------------------------------------------------------+-----
Spellcasting   | 5 6 7 8 9 10 11 12 13 14 15 16 17 18 | 18.7
Stealth        | 6 7 8 9 10 11 12 13 14 15 16 17 18 19 | 19.0
Invocations    | 1 2 3 4 5 6 7 8 9 10 11 12 13 14 15 16 17 18 19 | 19.6
Fighting       | 1 2 3 5 6 7 8 9 10 11 12 13 14 15 16 17 18 | 18.1
Long Blades    | 1 2 3 5 6 7 8 9 10 11 12 13 14 15 16 17 18 | 18.1
Axes           | 1 2 3 5 6 7 8 9 10 11 12 13 14 15 16 17 18 | 18.1
Maces & Flails | 1 2 3 5 6 7 8 9 10 11 12 13 14 15 16 17 18 | 18.1
Polearms       | 1 2 3 5 6 7 8 9 10 11 12 13 14 15 16 17 18 | 18.1
Staves         | 1 2 3 5 6 7 8 9 10 11 12 13 14 15 16 17 18 | 18.1
Ranged Weapons | 1 2 3 5 6 7 8 9 10 11 12 13 14 15 16 17 18 | 18.1
Throwing       | 1 2 3 5 6 7 8 9 10 11 12 13 14 15 16 17 18 | 18.1
Armour         | 1 2 3 5 6 7 8 9 10 11 12 13 14 15 16 17 18 | 18.1
Shields        | 1 2 3 5 6 7 8 9 10 11 12 13 14 15 16 17 18 | 18.1
Unarmed Combat | 1 2 3 5 6 7 8 9 10 11 12 13 14 15 16 17 18 | 18.1
Evocations     | 1 2 3 5 6 7 8 9 10 11 12 13 14 15 16 17 18 | 18.1
Conjurations   | 1 2 3 4 5 6 7 8 9 10 11 12 13 14 15 | 15.4
Summonings     | 1 2 3 4 5 6 7 8 9 10 11 12 13 14 15 | 15.4
Necromancy     | 1 2 3 4 5 6 7 8 9 10 11 12 14 15 16 17 18 | 18.3
Translocations | 1 2 3 4 5 6 7 8 9 10 11 12 13 14 15 | 15.4
Transmutations | 1 2 3 4 5 6 7 8 9 10 11 12 13 14 15 | 15.4
Fire Magic     | 1 2 3 4 5 6 7 8 9 10 11 12 13 14 15 | 15.4
Ice Magic      | 1 2 3 4 5 6 7 8 9 10 11 12 13 14 15 | 15.4
Air Magic      | 1 2 3 4 5 6 7 8 9 10 11 12 13 14 15 16 17 18 19 | 19.6
Earth Magic    | 1 2 3 4 5 6 7 8 9 10 11 12 13 14 15 | 15.4
Poison Magic   | 1 2 3 4 5 6 7 8 9 10 11 12 13 14 15 | 15.4
Short Blades   | 3 4 5 6 7 8 9 10 11 12 13 14 15 16 17 18 | 18.3
Dodging        | 5 6 7 8 9 10 11 12 13 14 15 16 17 18 | 18.6
Hexes          | 6 7 8 9 10 11 12 13 14 15 16 | 16.3

Action                   |  1- 3 |  4- 6 |  7- 9 | 10-12 | 13-15 | 16-18 | 19-21 | 22-24 | 25-27 || total
-------------------------+-------+-------+-------+-------+-------+-------+-------+-------+-------++-------
Melee: Dagger            |    34 |       |   217 |       |       |       |       |       |       ||   251
       Short sword       |    76 |    91 |   168 |   943 |   837 |       |       |       |       ||  2115
       Bite              |    13 |    10 |    59 |   180 |   248 |   110 |    79 |   266 |   165 ||  1130
       Punch             |       |     2 |    20 |    15 |     1 |       |       |       |       ||    38
       Staff             |       |       |       |     1 |       |       |       |       |       ||     1
       Rapier            |       |       |       |       |   617 |   668 |   496 |   588 |       ||  2369
       Long sword        |       |       |       |       |    32 |       |       |       |     6 ||    38
       Eveningstar       |       |       |       |       |       |       |       |   522 |   274 ||   796
       Knife             |       |       |       |       |       |       |       |   214 |   440 ||   654
       Broad axe         |       |       |       |       |       |       |       |       |    42 ||    42
 Fire: Longbow           |       |       |       |       |     4 |       |       |       |       ||     4
       Sling             |       |       |       |       |       |       |       |   112 |       ||   112
Throw: Dart              |       |     6 |    12 |    19 |     4 |     3 |     5 |     9 |       ||    58
       Javelin           |       |     2 |       |       |       |     5 |     6 |    13 |     6 ||    32
       Boomerang         |       |       |       |       |       |       |       |    27 |       ||    27
       Throwing net      |       |       |       |       |       |       |       |       |     1 ||     1
 Cast: Ensorcelled Hiber |       |     2 |     8 |    37 |    21 |     8 |    45 |     5 |       ||   126
       Confusing Touch   |       |     3 |    46 |   104 |   167 |    28 |    76 |    63 |       ||   487
       Irradiate         |       |       |       |     1 |     8 |    18 |     3 |    47 |     2 ||    79
       Mephitic Cloud    |       |       |       |       |    68 |   106 |    25 |   167 |    67 ||   433
       Blink             |       |       |       |       |     1 |    19 |    16 |    10 |    12 ||    58
       Olgreb's Toxic Ra |       |       |       |       |       |     6 |     1 |     1 |     2 ||    10
       Ozocubu's Refrige |       |       |       |       |       |       |     3 |     2 |       ||     5
       Swiftness         |       |       |       |       |       |       |       |     3 |     6 ||     9
       Borgnjor's Vile C |       |       |       |       |       |       |       |    56 |    90 ||   146
       Spellforged Servi |       |       |       |       |       |       |       |    31 |   133 ||   164
       Ozocubu's Armour  |       |       |       |       |       |       |       |       |     5 ||     5
       Summon Cactus Gia |       |       |       |       |       |       |       |       |    15 ||    15
       Monstrous Menager |       |       |       |       |       |       |       |       |     7 ||     7
Invok: Curse Item        |       |       |       |     5 |     4 |       |     1 |     4 |     3 ||    17
       Shatter the Chain |       |       |       |       |       |       |     2 |     5 |     2 ||     9
Evoke: Wand              |       |       |       |     1 |    10 |    13 |     4 |     2 |    21 ||    51
       Box of beasts     |       |       |       |       |     4 |     3 |     2 |     8 |     4 ||    21
       Phantom mirror    |       |       |       |       |       |     1 |     3 |     4 |     1 ||     9
       Tin of tremorston |       |       |       |       |       |       |       |     9 |     3 ||    12
       Lightning rod     |       |       |       |       |       |       |       |     5 |       ||     5
       Condenser vane    |       |       |       |       |       |       |       |     2 |       ||     2
  Use: Potion            |       |     1 |     2 |       |     1 |     4 |     5 |     7 |    17 ||    37
       Scroll            |       |       |    10 |     2 |     6 |     6 |     4 |     9 |    26 ||    63
 Stab: Sleeping          |    11 |     5 |    25 |    34 |    40 |    32 |    25 |    49 |    40 ||   261
       Confused          |       |     5 |    42 |   145 |   252 |   110 |    74 |   157 |    51 ||   836
       Invisible         |       |     1 |     7 |     1 |     1 |       |       |       |     2 ||    12
       Distracted        |       |       |       |       |     2 |     4 |     3 |    26 |    56 ||    91
       Paralysed         |       |       |       |       |     1 |     2 |     1 |       |       ||     4
       Held in net/web   |       |       |       |       |       |       |       |       |     1 ||     1
Armor: Robe              |    13 |     6 |    21 |       |       |       |       |       |       ||    40
       Steam dragon scal |       |       |    12 |   114 |   142 |    99 |   130 |   148 |   145 ||   790
       Skin              |       |       |       |       |     2 |       |       |       |       ||     2
Dodge: Dodged            |    54 |    41 |   151 |   326 |   576 |   525 |   456 |   516 |   475 ||  3120
Block: Buckler           |       |       |       |    87 |   247 |   231 |   289 |       |       ||   854
       Kite shield       |       |       |       |       |       |       |    93 |   859 |   685 ||  1637
       Reflection        |       |       |       |       |       |       |     3 |    50 |    22 ||    75

Table legend: (Time is in decaauts)
 A = Elapsed time spent in this place.
 B = Non-inter-level travel time spent in this place.
 C = Inter-level travel time spent in this place.
 D = Time resting spent in this place.
 E = Time spent auto-exploring this place.
 F = Levels seen in this place.
 G = Mean time per level.
                   A        B        C        D        E       F      G
               +--------+--------+--------+--------+--------+-----+--------+
         Total |  90178 |  62993 |  27185 |  21060 |  24457 |  55 | 1639.6 |
       Dungeon |  24187 |  13011 |  11176 |   1921 |   7915 |  15 | 1612.5 |
        Temple |    204 |    181 |     23 |      0 |    156 |   1 |  204.0 |
          Lair |  11725 |   8918 |   2807 |   2479 |   3681 |   5 | 2345.0 |
         Swamp |   6177 |   5544 |    633 |   2576 |   1751 |   4 | 1544.2 |
   Spider Nest |   6112 |   5054 |   1058 |   1894 |   1996 |   4 | 1528.0 |
    Slime Pits |   1949 |   1328 |    621 |    641 |     63 |   5 |  389.8 |
  Orcish Mines |   3266 |   2100 |   1166 |    478 |    954 |   2 | 1633.0 |
   Elven Halls |   7187 |   4679 |   2508 |   2079 |   1220 |   3 | 2395.7 |
        Vaults |  12273 |   9428 |   2845 |   3907 |   3626 |   4 | 3068.2 |
         Crypt |     55 |     45 |     10 |      0 |      0 |   1 |   55.0 |
        Depths |   8473 |   5950 |   2523 |   1520 |   3041 |   4 | 2118.2 |
           Zot |   5442 |   3632 |   1810 |   2245 |      0 |   5 | 1088.4 |
      Ice Cave |   1377 |   1377 |      0 |    467 |     20 |   1 | 1377.0 |
    Desolation |   1747 |   1747 |      0 |    852 |     32 |   1 | 1747.0 |
               +--------+--------+--------+--------+--------+-----+--------+

Top non-repeatable levels by time:
Vaults:3: 3701 daAuts
   Zot:5: 3589 daAuts
Vaults:2: 3323 daAuts
 Swamp:3: 3241 daAuts
  Lair:5: 3240 daAuts
Vaults:1: 3170 daAuts
    D:15: 3142 daAuts
Depths:3: 3135 daAuts
    D:13: 2670 daAuts
Spider:3: 2578 daAuts
   Elf:1: 2459 daAuts
  Lair:3: 2395 daAuts
   Elf:2: 2368 daAuts
   Elf:3: 2359 daAuts
  Lair:4: 2357 daAuts
